 Dungeon Crawl Stone Soup version 0.27-a0-931-g5a74e75d8f (webtiles) character file.

Game seed: 1093552504164488278

1032 Alarkh the Insei (level 8, 63/63 HPs)
             Began as a Demonspawn Gladiator on Apr 10, 2021.
             Was a Follower of Uskayaw.
             Got out of the dungeon alive.
             The game lasted 00:05:06 (4932 turns).

Alarkh the Insei (Demonspawn Gladiator)             Turns: 4932, Time: 00:05:07

Health: 63/63      AC: 19    Str: 14    XL:     8   Next: 3%
Magic:  8/8        EV: 10    Int: 14    God:    Uskayaw [*.....]
Gold:   218        SH:  0    Dex: 15    Spells: 7/7 levels left

rFire    + . .     SeeInvis .     - Unarmed
rCold    . . .     Faith    +   (no shield)
rNeg     . . .     Spirit   .   l - +4 scale mail {Will+}
rPois    .         Reflect  .   (helmet restricted)
rElec    .         Harm     .   o - +2 cloak
rCorr    .         Rampage  .   (no gloves)
Will     +....     Rnd*Tele +   (no boots)
Stlth    ..........             q - amulet of faith
HPRegen  0.20/turn              f - +4 ring of protection
MPRegen  0.11/turn              (no ring)

@: no status effects
A: antennae 1, slimy green scales 1, powered by death 1, spiny 2, clever 1, fire
resistance 1, teleportitis 1, evolution 1
a: Renounce Religion, Stomp


You escaped.
You worshipped Uskayaw.
Uskayaw was noncommittal.
You visited 1 branch of the dungeon, and saw 5 of its levels.

You collected 218 gold pieces.

Inventory:

Missiles
 c - 2 throwing nets (quivered)
 g - 30 poisoned darts
 E - 6 datura-tipped darts
Armour
 a - a +0 leather armour
 b - a +0 helmet
 l - a +4 scale mail of willpower (worn)
 o - a +2 cloak (worn)
Jewellery
 f - a +4 ring of protection (left hand)
 q - an amulet of faith (around neck)
 s - a ring of wizardry
 v - a ring of flight
 w - a ring of willpower
Wands
 B - a wand of flame (26)
 C - a wand of digging (3)
Scrolls
 e - 2 scrolls of vulnerability {unknown}
 h - 2 scrolls of brand weapon {unknown}
 j - 2 scrolls of holy word {unknown}
 k - 2 scrolls of magic mapping {unknown}
 m - 2 scrolls of immolation {unknown}
 n - a scroll of enchant weapon {unknown}
 p - a scroll of amnesia {unknown}
 r - 2 scrolls of identify
 t - a scroll of fear {unknown}
 y - a scroll of teleportation {unknown}
 A - a scroll of noise {unknown}
Potions
 d - a potion of berserk rage
 i - a potion of magic
 u - a potion of ambrosia
 x - a potion of brilliance
 z - a potion of resistance
 D - a potion of invisibility {unknown}


   Skills:
 + Level 5.6 Fighting
 - Level 1.7 Throwing
 - Level 2.6 Dodging
 * Level 7.5 Unarmed Combat


You had 7 spell levels left.
You didn't know any spells.
Your spell library contained the following spells:

 Spells                   Type           Power      Damage    Failure   Level
 Corona                   Hex            0%         N/A       78%         1
 Shock                    Conj/Air       0%         1d3       78%         1
 Ensorcelled Hibernation  Hex/Ice        0%         N/A       89%         2
 Swiftness                Air            0%         N/A       89%         2
 Confusing Touch          Hex            0%         N/A       98%         3
 Dazzling Flash           Conj/Hex       0%         N/A       98%         3
 Static Discharge         Conj/Air       0%         N/A       98%         3
 Tukima's Dance           Hex            0%         N/A       98%         3
 Airstrike                Air            0%         N/A       100%        4
 Lightning Bolt           Conj/Air       0%         1d11      100%        5


Dungeon Overview and Level Annotations

Branches:
Dungeon (5/15)
 Temple: D:4-7

Altars:
Dithmenos
Kikubaaqudgha
Nemelex Xobeh
Okawaru
Uskayaw
Xom
Yredelemnul
The Shining One

Shops:
D:2 :

Annotations:
D:5 2 runed translucent doors


Innate Abilities, Weirdness & Mutations

You have a pair of small antennae on your head.
You are partially covered in slimy green scales. (AC +2)
You regenerate a little health from kills.
You are mostly covered in sharp spines.
Your mind is acute. (Int +2)
Your flesh is heat resistant. (rF+)
You are occasionally teleported next to monsters.
You evolve.


Message History

You hit the hound.
The hound is lightly wounded.
The hound is struck by your spines. The hound bites you but does no damage.
You hit the hound.
The hound is heavily wounded.
The hound bites you but does no damage.
You can now pass through a line of other dancers.
You hit the hound but do no damage. You punch the hound, but do no damage.
The hound is heavily wounded.
The hound barely misses you.
You hit the hound but do no damage. Your punch misses the hound.
The hound is heavily wounded.
The hound is struck by your spines.
You kill the hound!
No target in view!
No target in view!
No target in view!
No target in view!
No target in view!
No target in view!
No target in view!
You now have 218 gold pieces (gained 4).
You can no longer pass through a line of other dancers.
r - 2 scrolls of identify (gained 1)
Found a stone staircase leading down.
There is a stone staircase leading up here.
You climb upwards.
There is a stone staircase leading down here.
There is a stone staircase leading up here.
You climb upwards.
There is a stone staircase leading down here.
There is a stone staircase leading up here.
You climb upwards.
There is a stone staircase leading down here.
There is an escape hatch in the ceiling here.
A mysterious force pulls you upwards. The hatch slams shut behind you.
There is an open door here.
There is a staircase leading out of the dungeon here.
Are you sure you want to leave the Dungeon?
This will make you lose the game!
You have escaped!

#.## #..# #.# # #..####.##### #.#
# #...........# ###.#####
#...........# #........
#...........###.#.#####
##...###........#......
#..##.##..############
#..#...#..# # #..'.@.'..# # ###
#..#...#..# # ..# #..##.##..# #
#.##########...###...# #
#....................############
######...........................
#.####...........########### #.#
#####.####.## #.# #......#


There were no monsters in sight!

Vanquished Creatures
  Sigmund (D:3)
  3 ogres
  A scorpion (D:5)
  A howler monkey (D:4)
  2 centaur zombies (D:5)
  3 hounds (D:5)
  Jessica (D:1)
  Ijyb (D:5)
  Terence (D:2)
  2 iguanas (D:4)
  Natasha (thrice) (D:1)
  An orc wizard (D:3)
  2 hound skeletons
  2 adders (D:2)
  2 worms
  2 dart slugs
  5 orcs (D:3)
  5 ball pythons
  5 bats
  8 endoplasms
  4 giant cockroaches
  4 hobgoblins
  13 jackals
  3 quokkas
  8 frilled lizards
  2 goblins
  5 kobolds
  2 rats (D:1)
92 creatures vanquished.

Notes
Turn   | Place    | Note
-------+----------+-------------------------------------------
     0 | D:1      | Alarkh the Demonspawn Gladiator began the quest for the
                  | Orb.
     0 | D:1      | Reached XP level 1. HP: 16/16 MP: 1/1
    34 | D:1      | Found a faded altar of an unknown god.
   184 | D:1      | Reached skill level 3 in Unarmed Combat
   437 | D:1      | Gained mutation: You regenerate a little health from kills.
                  | [demonic ancestry]
   437 | D:1      | Reached XP level 2. HP: 20/22 MP: 2/2
   705 | D:1      | Reached XP level 3. HP: 25/28 MP: 3/3
  1152 | D:2      | Found Ewysuy's Book Boutique.
  1236 | D:2      | Noticed Jessica
  1241 | D:2      | Noticed Natasha
  1261 | D:1      | Gained mutation: Your mind is acute. (Int +2) [potion of
                  | mutation]
  1261 | D:1      | Gained mutation: You have a pair of small horns on your
                  | head. [potion of mutation]
  1261 | D:1      | Gained mutation: Your flesh is heat resistant. (rF+)
                  | [potion of mutation]
  1261 | D:1      | Gained mutation: You evolve. [potion of mutation]
  1263 | D:1      | Killed Jessica
  1264 | D:1      | Reached skill level 4 in Unarmed Combat
  1264 | D:1      | Gained mutation: You are partially covered in slimy green
                  | scales. (AC +2) [demonic ancestry]
  1264 | D:1      | Reached XP level 4. HP: 5/34 MP: 4/4
  1547 | D:1      | Killed Natasha
  2003 | D:1      | Noticed Natasha
  2006 | D:1      | Found a faded altar of an unknown god.
  2013 | D:1      | Killed Natasha
  2142 | D:1      | Gained mutation: You are occasionally teleported next to
                  | monsters. [evolution]
  2559 | D:1      | Found a faded altar of an unknown god.
  2577 | D:1      | Noticed Natasha
  2592 | D:1      | Killed Natasha
  2593 | D:1      | Reached XP level 5. HP: 28/41 MP: 5/5
  2627 | D:2      | Noticed Terence
  2890 | D:2      | Killed Terence
  2903 | D:2      | Lost mutation: You have a pair of small horns on your head.
                  | [evolution]
  3378 | D:3      | Reached skill level 5 in Unarmed Combat
  3582 | D:3      | Noticed Sigmund
  3600 | D:3      | Killed Sigmund
  3601 | D:3      | Gained mutation: You are partially covered in sharp spines.
                  | [demonic ancestry]
  3601 | D:3      | Reached XP level 6. HP: 42/49 MP: 6/6
  3757 | D:3      | Found an iron altar of Okawaru.
  3873 | D:3      | Found a sparkling altar of Nemelex Xobeh.
  3980 | D:4      | Found a hide-covered altar of Uskayaw.
  4005 | D:4      | Became a worshipper of Uskayaw the Reveller
  4062 | D:4      | Found an ancient bone altar of Kikubaaqudgha.
  4064 | D:4      | Found a shimmering altar of Xom.
  4066 | D:4      | Found a basalt altar of Yredelemnul.
  4066 | D:4      | Found a shadowy altar of Dithmenos.
  4147 | D:4      | Reached * piety under Uskayaw
  4150 | D:4      | Reached ** piety under Uskayaw
  4154 | D:4      | Reached skill level 6 in Unarmed Combat
  4154 | D:4      | Gained mutation: You are mostly covered in sharp spines.
                  | [demonic ancestry]
  4154 | D:4      | Reached XP level 7. HP: 48/55 MP: 7/7
  4304 | D:4      | Reached *** piety under Uskayaw
  4716 | D:5      | Entered Level 5 of the Dungeon
  4723 | D:5      | Reached skill level 5 in Fighting
  4723 | D:5      | Reached **** piety under Uskayaw
  4724 | D:5      | Reached ***** piety under Uskayaw
  4726 | D:5      | Reached skill level 7 in Unarmed Combat
  4739 | D:5      | Noticed Ijyb
  4745 | D:5      | Killed Ijyb
  4785 | D:5      | Found a large runed translucent door.
  4786 | D:5      | Found a large runed translucent door.
  4822 | D:5      | Gained mutation: You have a pair of small antennae on your
                  | head. [demonic ancestry]
  4822 | D:5      | Reached XP level 8. HP: 63/63 MP: 8/8
  4932 | D:$      | Got out of the dungeon alive.

Illustrated notes

Levels and vault maps discovered:
D:1:      dpeg_arrival_shelter, layout_loops_ring,
          shapermc_ecumenical_altar_notcrosses
D:2:      layout_rooms, basic_altar, serial_shops, shop, uniq_jessica,
          uniq_natasha, uniq_terence
D:3:      layout_rooms, nemelex_diamond_rough_becter,
          gammafunk_temple_overflow_elements, uniq_sigmund
D:4:      layout_loops_cross, old_standard_altar, grunt_temple_overflow_open,
          amcnicky_mini_pool_small, nrook_campfire, minmay_misc_feat_x
D:5:      layout_rooms, minmay_temple_entry_nine_rooms,
          ebering_ghost_disaster_area, minmay_manual_moon, uniq_edmund,
          uniq_crazy_yiuf_cottage, uniq_ijyb

Skill      XL: |  1  2  3  4  5  6  7 |
---------------+----------------------+-----
Unarmed Combat | 3 4 5 6 7 |  7.5
Fighting       | 3 4 5 |  5.6
Throwing       | |  1.7
Dodging        | |  2.6

Action                   |  1- 3 |  4- 6 |  7- 9 || total
-------------------------+-------+-------+-------++-------
Melee: Unarmed           |   141 |   251 |    56 ||   448
       Headbutt          |       |    18 |       ||    18
       Punch             |       |     2 |     3 ||     5
Throw: Throwing net      |       |     3 |       ||     3
  Use: Potion            |     2 |     1 |       ||     3
       Scroll            |       |       |     4 ||     4
 Stab: Sleeping          |     1 |       |       ||     1
       Paralysed         |       |       |     3 ||     3
Armor: Leather armour    |    55 |    32 |       ||    87
       Scale mail        |       |    73 |    28 ||   101
Dodge: Dodged            |    91 |   126 |    26 ||   243

Table legend: (Time is in decaauts)
 A = Elapsed time spent in this place.
 B = Non-inter-level travel time spent in this place.
 C = Inter-level travel time spent in this place.
 D = Time resting spent in this place.
 E = Time spent auto-exploring this place.
 F = Levels seen in this place.
 G = Mean time per level.
                   A        B        C        D        E       F      G
               +--------+--------+--------+--------+--------+-----+--------+
         Total |   4913 |   4711 |    202 |    793 |   3137 |   5 |  982.6 |
       Dungeon |   4913 |   4711 |    202 |    793 |   3137 |   5 |  982.6 |
               +--------+--------+--------+--------+--------+-----+--------+

Top non-repeatable levels by time:
     D:1: 2567 daAuts
     D:4: 769 daAuts
     D:2: 768 daAuts
     D:3: 657 daAuts
     D:5: 150 daAuts
